Map: Overgrowth LE (Void)

Players

Nerchio - Winner!

  • Race: Zerg Zerg
  • League: Grandmaster
  • Spawn Location: 7:00

Optimus

  • Race: Terran Terran
  • League: Master
  • Spawn Location: 1:00

Event: NationWars IV

VOD

Have the link to the VOD?

Description

Time

  • Played on: Jan. 7, 2017, 2:12 p.m.
  • Length: 9:51
Show
View Real Time Build Order
Export as new Build Order

Nerchio Zerg - Winner!

Build Orders: Pool First 

Get SALT Encoding   

  12  0:00  Drone  
  13  0:12  Overlord  
  13  0:17  Drone  
  14  0:31  Drone x2  
  14  0:34  Drone  
  17  0:44  Extractor  
  17  0:45  Drone  
  17  0:49  Spawning Pool  
  16  0:56  Drone  
  17  1:15  Hatchery  
  17  1:18  Drone  
  17  1:21  Drone  
  18  1:35  Roach Warren  
  18  1:37  Zergling x2  
  18  1:48  Queen  
  18  1:51  Drone  
  21  1:58  Overlord  
  21  2:17  Roach x2  
  21  2:22  Roach  
  27  2:25  Queen  
  31  2:30  Roach  
  31  2:33  Drone  
  32  2:44  Overlord  
  32  2:50  Drone x2  
  34  2:53  Drone  
  34  2:57  Overlord  
  35  2:59  Drone  
  35  3:03  Drone  
  37  3:05  Drone  
  37  3:08  Drone  
  37  3:10  Drone  
  40  3:21  Queen  
  42  3:29  Roach x2  
  42  3:34  Roach, Ravager  
  49  3:39  Drone x2  
  51  3:42  Overlord, Drone  
  51  3:47  Evolution Chamber  
  51  3:51  Ravager  
  51  3:55  Overlord  
  52  4:04  Drone  
  52  4:05  Drone x4  
  52  4:06  Drone  
  58  4:14  Overlord, Drone  
  58  4:15  Drone x2  
  58  4:16  Drone  
  62  4:25  Zerg Ground Armor Level 1  
  62  4:27  Extractor, Drone x2  
  63  4:31  Extractor  
  63  4:32  Extractor  
  63  4:33  Drone x2  
  63  4:35  Drone x2  
  64  4:38  Drone  
  64  4:43  Lair  
  64  4:45  Drone x2  
  67  4:47  Drone  
  68  5:03  Hatchery  
  68  5:04  Drone x3  
  70  5:09  Overlord  
  70  5:14  Drone x2  
  70  5:15  Drone  
  70  5:16  Overlord  
  73  5:23  Drone x3  
  76  5:34  Overlord  
  75  5:37  Roach x3  
  75  5:38  Evolution Chamber  
  75  5:39  Roach  
  75  5:41  Overlord  
  82  5:44  Glial Reconstitution  
  82  5:49  Roach  
  84  5:51  Roach  
  84  5:52  Roach  
  84  5:55  Roach  
  90  6:00  Roach x2  
  94  6:07  Zerg Missile Weapons Level 1  
  94  6:09  Drone  
  95  6:14  Drone  
  95  6:15  Drone x6  
  95  6:16  Drone  
  103  6:25  Zerg Ground Armor Level 2  
  103  6:26  Infestation Pit  
  103  6:31  Roach  
  103  6:32  Roach  
  102  6:33  Ravager  
  102  6:34  Ravager x3  
  102  6:37  Roach  
  106  6:42  Roach x2  
  106  6:44  Zergling x4, Roach  
  112  6:49  Roach x2  
  112  6:50  Roach  
  112  6:52  Zergling x4  
  112  6:54  Roach  
  107  6:58  Drone x4  
  105  7:05  Roach, Metabolic Boost  
  105  7:08  Roach  
  109  7:09  Queen  
  109  7:13  Spore Crawler  
  109  7:15  Drone x2  
  112  7:18  Overlord  
  112  7:19  Extractor x2  
  112  7:22  Overlord  
  110  7:26  Infestor  
  112  7:30  Overlord  
  112  7:34  Drone x2  
  114  7:37  Drone x3  
  114  7:41  Roach x4  
  125  7:48  Roach  
  125  7:50  Roach  
  129  7:53  Roach  
  129  7:55  Hatchery  
  132  7:58  Roach x2  
  132  7:59  Roach x2  
  132  8:05  Overlord  
  138  8:06  Overlord  
  138  8:12  Overlord x2  
  138  8:20  Overlord x2  
  138  8:24  Zergling x2  
  138  8:25  Zergling x10  
  138  8:26  Ravager x2  
  146  8:32  Ravager  
  146  8:33  Ravager x6  
  146  8:34  Zergling x10  
  158  8:44  Zergling x4  
  158  8:46  Zergling x2  
  155  8:49  Roach  
  157  8:56  Roach x3  
  157  8:57  Roach x2  
  157  9:00  Queen  
  168  9:04  Drone  
  168  9:05  Drone x2  
  168  9:06  Drone  
  168  9:07  Drone x2  
  165  9:21  Overlord  
  162  9:25  Roach  
  162  9:26  Roach x2  
  162  9:28  Overlord  
  167  9:31  Overlord  
Show
View Real Time Build Order
Export as new Build Order

Optimus Terran 

Build Orders: MMM Bio 

Get SALT Encoding   

  12  0:00  SCV  
  13  0:13  SCV  
  14  0:17  Supply Depot  
  14  0:25  SCV  
  15  0:29  Refinery  
  15  0:39  SCV  
  16  0:44  Barracks  
  16  0:51  SCV  
  17  1:01  Barracks  
  17  1:04  SCV  
  18  1:18  Barracks  
  18  1:22  SCV  
  19  1:31  Reaper  
  20  1:38  Orbital Command  
  20  1:47  Reaper  
  20  1:50  Supply Depot  
  21  1:56  Refinery  
  21  2:03  Reaper  
  21  2:07  Reaper  
  23  2:14  SCV  
  24  2:18  Supply Depot  
  24  2:23  Reaper  
  24  2:26  SCV  
  26  2:35  Reaper  
  27  2:38  SCV  
  28  2:44  Reaper  
  29  2:52  SCV  
  29  2:55  Reaper  
  31  2:59  Command Center  
  31  3:05  SCV  
  32  3:07  Reaper  
  33  3:17  SCV  
  33  3:19  Factory  
  33  3:34  Reaper  
  33  3:35  SCV  
  33  3:38  Barracks Tech Lab  
  35  3:42  Marine  
  35  3:47  SCV  
  37  3:58  Supply Depot  
  37  3:59  Marine, SCV, Stimpack  
  39  4:05  Factory Tech Lab  
  39  4:11  Marine x2  
  39  4:12  Orbital Command  
  42  4:17  Marine  
  42  4:19  SCV  
  42  4:22  Refinery  
  43  4:28  Starport, Marine  
  43  4:29  Marine  
  45  4:35  SCV  
  45  4:36  Marine  
  47  4:41  Siege Tank  
  47  4:42  SCV  
  51  4:47  SCV  
  51  4:52  Supply Depot  
  52  4:54  SCV, Barracks Reactor  
  52  4:55  Barracks Reactor  
  52  4:56  Marine  
  55  5:00  SCV  
  55  5:06  SCV  
  56  5:09  Medivac, Barracks Reactor  
  56  5:12  SCV  
  56  5:14  Marine  
  60  5:18  SCV  
  64  5:21  Siege Tank  
  64  5:24  SCV  
  64  5:27  Supply Depot  
  65  5:30  Marine x2, SCV  
  65  5:31  Marine  
  69  5:41  Refinery  
  70  5:46  Supply Depot  
  70  5:48  Marine x2, Supply Depot  
  70  5:49  Marine  
  72  5:51  Barracks  
  72  5:52  Barracks, Medivac  
  74  5:58  SCV  
  74  5:59  Marine x2, SCV  
  74  6:01  Combat Shields  
  78  6:09  Siege Tank  
  78  6:10  Marine  
  78  6:11  SCV  
  83  6:12  SCV  
  84  6:18  Supply Depot  
  84  6:19  Marine x2  
  84  6:21  Marine  
  84  6:23  SCV  
  86  6:38  SCV  
  86  6:39  Marine x3  
  88  6:45  Starport Reactor  
  75  6:58  Marine x7, SCV x2  
  75  7:00  Siege Tank  
  81  7:01  Supply Depot  
  81  7:12  Command Center  
  81  7:16  Marine  
  81  7:18  Barracks Reactor x2  
  81  7:19  SCV x2  
  81  7:22  Liberator x2  
  84  7:23  Engineering Bay x2  
  84  7:25  Marine  
  84  7:26  Marine x3  
  88  7:32  Siege Tank  
  88  7:35  Marine  
  92  7:41  Supply Depot  
  98  7:46  Marine  
  98  7:47  Marauder, Marine  
  102  7:56  Marine x4  
  102  7:58  Marine x2  
  107  8:04  Siege Tank  
  113  8:17  Marine x4  
  113  8:18  Marine x4  
  113  8:19  Barracks Tech Lab  
  117  8:23  Medivac x2  
  121  8:35  Marine x8  
  117  8:51  Marine  
  117  8:53  Marine x3  
  117  8:55  Medivac x2  
  115  8:59  Orbital Command  
  117  9:08  Marine x3  
  117  9:09  Marauder  
  122  9:16  Marine x5  
  124  9:18  Siege Tank  
  109  9:26  Marine x3  
  109  9:27  SCV x2  
  117  9:33  Factory  
Tags
 
Add a new tag
Caveats
  • Supply blocks, unpowered buildings, or Contaminate may cause inaccurate times.
  • Supply counts are checked every 10 seconds.